 Dungeon Crawl Stone Soup version 0.24.0-125-gc4c63601f3 (webtiles) character file.

Game seed: 14800365679130313489, levelgen mode: deterministic

4130 Johnny the Thaumaturge (level 10, -1/65 HPs)
             Began as a Deep Elf Earth Elementalist on Feb 18, 2020.
             Slain by a white ugly thing (12 damage)
             ... on level 9 of the Dungeon.
             The game lasted 00:09:38 (8248 turns).

Johnny the Thaumaturge (DEEE)                       Turns: 8248, Time: 00:09:39

Health: -1/65      AC:  7    Str:  5    XL:     10   Next: 6%
Magic:  17/25      EV: 13    Int: 24    God:
Gold:   406        SH:  0    Dex: 19    Spells: 15/28 levels left

rFire    . . .     SeeInvis +   h - +3 dagger (venom)
rCold    . . .     Gourm    .   (no shield)
rNeg     . . .     Faith    .   c - +0 robe
rPois    .         Spirit   .   i - +2 hat
rElec    .         Reflect  .   n - +0 cloak
rCorr    .         Harm     .   (no gloves)
MR       +....                  s - +1 pair of boots
Stlth    ++........             (no amulet)
HPRegen  0.20/turn              k - +4 ring of dexterity
MPRegen  0.19/turn              y - ring of see invisible

@: no status effects
A: no striking features
a: no special abilities


You were on level 9 of the Dungeon.
You were hungry.

You visited 2 branches of the dungeon, and saw 10 of its levels.

You collected 406 gold pieces.

Inventory:

Hand Weapons
 h - a +3 dagger of venom (weapon)
Missiles
 b - 16 stones (quivered)
Armour
 c - a +0 robe (worn)
 i - a +2 hat (worn)
 n - a +0 cloak (worn)
 s - a +1 pair of boots (worn)
Jewellery
 k - a +4 ring of dexterity (left hand)
 y - a ring of see invisible (right hand)
Wands
 t - a wand of iceblast (10)
Scrolls
 e - 4 scrolls of remove curse
 g - a scroll of summoning
 m - 2 scrolls of amnesia
 p - 3 scrolls of enchant armour
 w - a scroll of torment {unknown}
 x - a scroll of blinking {unknown}
 B - a scroll of fear {unknown}
 D - a scroll of silence {unknown}
Potions
 a - 2 potions of agility
 j - 3 potions of might
 l - 2 potions of degeneration {unknown}
 o - a potion of mutation {unknown}
 q - a potion of berserk rage {unknown}
 u - a potion of cancellation {unknown}
 v - a potion of flight {unknown}
 C - a potion of brilliance {unknown}
Comestibles
 d - 13 rations
 f - 3 chunks of flesh


   Skills:
 * Level 8.6 Fighting
 - Level 2.4 Dodging
 - Level 2.4 Stealth
 + Level 9.9 Spellcasting
 - Level 1.1 Transmutations
 + Level 8.7 Earth Magic


You had 15 spell levels left.
You knew the following spells:

 Your Spells              Type           Power        Failure   Level  Hunger
a - Sandblast             Erth           ######       1%          1    None
b - Stone Arrow           Conj/Erth      ####..       2%          3    None
c - Lee's Rapid Deconstr  Erth           ######....   4%          5    ####...
d - Petrify               Tmut/Erth      #####...     7%          4    #......

Your spell library contained the following spells:

 Spells                   Type           Power        Failure   Level  Hunger
 Passwall                 Tmut/Erth      #####...     1%          2    None
 Animate Skeleton         Necr           N/A          5%          1    None
 Apportation              Tloc           ##....       5%          1    None
 Confusing Touch          Hex            ##....       5%          1    None
 Summon Small Mammal      Summ           ##..         5%          1    None


Dungeon Overview and Level Annotations

Branches:
Dungeon (9/15)             Temple (1/1) D:4            Lair (0/6) D:8
    Orc: D:9-12

Altars:
Ashenzari
Cheibriados
Dithmenos
Elyvilon
Fedhas
Gozag
Hepliaklqana
Kikubaaqudgha
Makhleb
Nemelex Xobeh
Okawaru
Qazlal
Ru
Sif Muna
Trog
Uskayaw
Vehumet
Wu Jian
Xom
Yredelemnul
Zin
The Shining One

Shops:
D:6 *


Message History

Confirm with . or Enter, or press ? or * to list all spells.
Aiming: Lee's Rapid Deconstruction (safe; 4% risk of failure)
Press: ? - help, Dir - move target cursor, f/p - white ugly thing Fragment what (e.g. wall or brittle monster)?: a white ugly thing (moderately wounded)
An open door.
The stone door frame shatters!
The blast of rock fragments hits the white ugly thing!!
The white ugly thing is heavily wounded.
The blast of rock fragments hits the orc warrior but does no damage.
The blast of rock fragments hits the orc!!
You kill the orc!
The white ugly thing kicks you. The white ugly thing freezes you!!
* * * LOW HITPOINT WARNING * * *
Unknown command.
Unknown command.
There is an open door here.
The white ugly thing kicks you!
* * * LOW HITPOINT WARNING * * *
The white ugly thing freezes you!
You die...

.........#.......... ......#
...÷.....#.......... ......#
.........#.......... .....'
.........#.......... .....#
.........##'#####... ....#
#######.......###############....
#....)..#.....#.......#....
#.......#.....#.......#†...
#.......'.@uo.#.......'..[.
#.......#'###.####....#)...
..#+###......#'####....#.... ...
#......#.........#.... ...
#......#....)....#....
#......#....)....#....
#......#.........#....
#......##'########....
...........


You could see a white ugly thing and an orc warrior.

Vanquished Creatures
  Pikel (D:6)
  A hippogriff (D:9)
  A yak (D:9)
  A hungry ghost (D:9)
  Eustachio (D:6)
  3 wargs (D:8)
  3 orc warriors
  A sky beast (D:8)
  A slave (D:6)
  4 ogres
  3 phantoms
  A centaur (D:5)
  4 bullfrogs
  A wyvern zombie (D:8)
  2 scorpions
  2 crimson imps
  2 bullfrog zombies
  A quasit (D:7)
  2 hounds
  7 orc priests
  A bullfrog skeleton (D:4)
  A centaur skeleton (D:8)
  9 orc wizards
  An iguana (D:5)
  9 worker ants
  A hound zombie (D:4)
  A hound skeleton (D:4)
  13 adders
  An adder zombie (D:4)
  8 worms
  A dart slug (D:2)
  5 leopard geckos
  25 orcs
  8 bats
  5 giant cockroaches
  8 goblins
  9 hobgoblins
  17 jackals
  13 kobolds
  9 quokkas
  5 frilled lizards
  A giant cockroach zombie (D:4)
  2 jackal skeletons (D:4)
  2 jackal zombies (D:4)
  A quokka skeleton (D:9)
  2 quokka zombies (D:4)
  12 rats
212 creatures vanquished.

Vanquished Creatures (others)
  A slave (D:6)
  3 orcs (D:6)
4 creatures vanquished.

Grand Total: 216 creatures vanquished

Notes
Turn   | Place    | Note
-------+----------+-------------------------------------------
     0 | D:1      | Johnny the Deep Elf Earth Elementalist began the quest for
                  | the Orb.
     0 | D:1      | Reached XP level 1. HP: 10/10 MP: 6/6
   253 | D:1      | Reached XP level 2. HP: 16/16 MP: 2/8
   285 | D:1      | Reached skill level 1 in Fighting
   693 | D:1      | Reached XP level 3. HP: 16/20 MP: 6/9
  1488 | D:2      | Reached XP level 4. HP: 13/26 MP: 9/11
  1822 | D:2      | Found a radiant altar of Vehumet.
  2189 | D:3      | Reached skill level 4 in Spellcasting
  2192 | D:3      | Reached XP level 5. HP: 22/31 MP: 7/13
  3129 | D:4      | Found a staircase to the Ecumenical Temple.
  3143 | D:4      | Reached XP level 6. HP: 24/37 MP: 3/15
  3146 | Temple   | Entered the Ecumenical Temple
  3409 | D:4      | Reached skill level 5 in Spellcasting
  3495 | D:4      | Learned a level 3 spell: Stone Arrow
  3502 | D:4      | Found a sparkling altar of Nemelex Xobeh.
  3604 | D:4      | Reached skill level 5 in Earth Magic
  3960 | D:4      | Reached XP level 7. HP: 32/43 MP: 14/17
  4219 | D:5      | Entered Level 5 of the Dungeon
  4449 | D:5      | Found a shadowy altar of Dithmenos.
  4464 | D:5      | Reached skill level 6 in Spellcasting
  4803 | D:5      | Reached skill level 5 in Fighting
  4864 | D:5      | Found the +9 scales of the Dragon King {rPois rF+ rC+ MR+}
  5152 | D:6      | Found a white marble altar of Elyvilon.
  5389 | D:6      | Learned a level 5 spell: Lee's Rapid Deconstruction
  5394 | D:6      | Learned a level 4 spell: Petrify
  5402 | D:6      | Found a basalt altar of Yredelemnul.
  5418 | D:6      | Noticed Pikel
  5429 | D:6      | Killed Pikel
  5429 | D:6      | Reached skill level 7 in Spellcasting
  5429 | D:6      | Reached XP level 8. HP: 47/51 MP: 15/20
  5451 | D:6      | Noticed Eustachio
  5465 | D:6      | Killed Eustachio
  5610 | D:6      | Found Gozag's Platinum Reserve.
  5610 | D:6      | Found an opulent altar of Gozag.
  5867 | D:6      | Found a shimmering blue altar of Sif Muna.
  6057 | D:7      | Found a blossoming altar of Fedhas.
  6057 | D:7      | Found a shimmering altar of Xom.
  6126 | D:7      | Reached skill level 8 in Spellcasting
  6307 | D:7      | Got a polished chain mail
  6318 | D:7      | Identified the cursed +1 chain mail "Zulepuvuso" {rF+++ rN+
                  | Regen+ Dex-2} (You found it on level 7 of the Dungeon)
  6606 | D:7      | Reached XP level 9. HP: 18/56 MP: 20/23
  6881 | D:8      | Found a staircase to the Lair.
  7030 | D:8      | Reached skill level 9 in Spellcasting
  7402 | D:8      | Found a burning altar of Makhleb.
  7755 | D:9      | Noticed a white ugly thing
  8064 | D:9      | Reached XP level 10. HP: 65/65 MP: 20/25
  8248 | D:9      | Slain by a white ugly thing

Levels and vault maps discovered:
D:1:      minmay_arrival_shoal_huts, layout_loops_ring
D:2:      kb_forest_paths, layout_basic, fiery_altar_vehumet
D:3:      layout_rooms, first_ration
D:4:      layout_loops_ring, minmay_temple_entry_glass, serial_undead,
          serial_undead_d, serial_undead_a, serial_undead_f, serial_undead_e,
          nemelex_lonely_heart_becter
D:5:      layout_loops_ring, nicolae_dithmenos_the_darkroom
D:6:      layout_loops_ring, nicolae_gozag_zags_fifth_avenue,
          old_standard_altar, lemuel_blue_sif_altar, elyvilon_altar_4,
          uniq_eustachio, uniq_pikel
D:7:      layout_loops_corners, gammafunk_temple_overflow_pools
D:8:      layout_cave_pools, erik_lair_orcish_takeover, lemuel_altar_in_water
D:9:      layout_gridville
Temple:   regret_index_temple_waves

Skill      XL: |  1  2  3  4  5  6  7  8  9 |
---------------+----------------------------+-----
Fighting       | 1 2 3 4 6 8 |  8.6
Earth Magic    | 4 5 6 7 8 |  8.7
Spellcasting   | 4 5 7 8 9 |  9.9
Dodging        | |  2.4
Stealth        | |  2.4
Transmutations | |  1.1

Action                   |  1- 3 |  4- 6 |  7- 9 | 10-12 || total
-------------------------+-------+-------+-------+-------++-------
Melee: Unarmed           |    20 |       |       |       ||    20
       Dagger            |    35 |   116 |   131 |    22 ||   304
 Cast: Sandblast         |    52 |    67 |    92 |     3 ||   214
       Stone Arrow       |       |     2 |    16 |     4 ||    22
       Lee's Rapid Decon |       |       |    10 |     2 ||    12
       Petrify           |       |       |     1 |       ||     1
Evoke: Wand              |       |       |     1 |       ||     1
  Use: Scroll            |       |       |    10 |       ||    10
       Potion            |       |       |     1 |       ||     1
 Stab: Sleeping          |     3 |     4 |     3 |       ||    10
       Distracted        |     1 |       |     1 |       ||     2
  Eat: Chunk             |       |     9 |    11 |     1 ||    21
       Ration            |       |       |     1 |       ||     1
Armor: Robe              |    21 |    34 |    44 |     7 ||   106
       Chain mail        |       |       |    16 |       ||    16
Dodge: Dodged            |    67 |    92 |   116 |    18 ||   293
